 Dungeon Crawl Stone Soup version 0.28.0-43-g3370ac3207 (webtiles) character file.

Game seed: 17944139645139331065

62 hehateme the Caller (level 4, -4/26 HPs)
             Began as a Kobold Summoner on Mar 20, 2022.
             Slain by a goblin
             ... wielding a +0 club
             ... led by Robin
              (5 damage)
             ... on level 2 of the Dungeon.
             The game lasted 00:04:57 (3537 turns).

hehateme the Caller (Kobold Summoner)               Turns: 3537, Time: 00:04:58

Health: -4/26      AC:  2    Str:  7    XL:     4   Next: 28%
Magic:  3/7        EV: 15    Int: 16    God:
Gold:   75         SH:  0    Dex: 15    Spells: 3/7 levels left

rFire   . . .      SeeInvis .   c - +0 dagger
rCold   . . .      Faith    .   (no shield)
rNeg    . . .      Spirit   .   a - +0 robe
rPois   .          Reflect  .   (no helmet)
rElec   .          Harm     .   (no cloak)
rCorr   .          Rampage  .   (no gloves)
Will    .....                   (no boots)
Stlth   +++.......              (no amulet)
HPRegen 0.08/turn               (no ring)
MPRegen 0.10/turn               (no ring)

@: no status effects
A: small, no large weapons, nightstalker 3
a: no special abilities


You were on level 2 of the Dungeon.
You visited 1 branch of the dungeon, and saw 3 of its levels.

You collected 75 gold pieces.

Inventory:

Hand Weapons
 c - a +0 dagger (weapon)
Missiles
 e - 3 boomerangs
 h - 30 stones (quivered)
 k - 44 bolts
 l - 12 sling bullets
 Q - 17 arrows
Armour
 a - a +0 robe (worn)
Scrolls
 b - 2 scrolls of identify {unknown}
 i - a scroll of noise {unknown}
 j - a scroll of teleportation {unknown}
 n - a scroll of magic mapping {unknown}
Potions
 d - a potion of cancellation {unknown}
 f - a potion of curing {unknown}
 g - 2 potions of lignification {unknown}
 m - a potion of heal wounds {unknown}


   Skills:
 + Level 2.1 Fighting
 - Level 2.4 Dodging
 - Level 2.6 Stealth
 - Level 2.1 Spellcasting
 * Level 5.0 Summonings


You had 3 spell levels left.
You knew the following spells:

 Your Spells              Type           Power      Damage    Failure   Level
a - Summon Small Mammal   Summ           72%        N/A       2%          1
c - Call Canine Familiar  Summ           18%        N/A       8%          3

Your spell library contained the following spells:

 Spells                   Type           Power      Damage    Failure   Level
 Call Imp                 Summ           18%        N/A       3%          2
 Shock                    Conj/Air       4%         1d3       21%         1
 Summon Guardian Golem    Hex/Summ       9%         N/A       22%         3
 Swiftness                Air            1%         N/A       52%         3
 Summon Lightning Spire   Summ/Air       9%         N/A       56%         4
 Airstrike                Air            0%         N/A       90%         4


Dungeon Overview and Level Annotations

Branches:
Dungeon (3/15)

Altars:
Kikubaaqudgha

Annotations:
D:2 1 runed translucent door, exclusion: downstairs, Crazy Yiuf, Terence
D:3 Grinder, Robin, Sigmund


Innate Abilities, Weirdness & Mutations

You are small and have problems with some larger weapons.
You are completely attuned to the shadows.


Message History

The goblin hits your hound with a +0 dagger.
The goblin dies!
Your magical contamination has completely faded away.
You swap places.
Things that are here:
a +0 club; a +0 dagger; a goblin corpse
There is a stone staircase leading down here.
You climb downwards.
Your summoned ally is left behind.
Level annotation: Grinder, Robin, Sigmund The goblin hits you with a +0 club.
* * * LOW HITPOINT WARNING * * *
Robin roars a battlecry!
The goblins go into a battle-frenzy!
The goblin hits you with a +0 club.
* * * LOW HITPOINT WARNING * * *
The goblin misses you. The goblin closely misses you.
There is a stone staircase leading up, spattered with blood here.
You take 7 damage, and have 9/26 hp.
GAME OVER YEAH!!
The goblin hits you with a +0 club.
* * * LOW HITPOINT WARNING * * *
The goblin closely misses you. The goblin barely misses you.
You climb upwards.
Level annotation: 1 runed translucent door, exclusion: downstairs, Crazy Yiuf, Terence Your hound disappears in a puff of smoke!
There is a stone staircase leading down here.
You take 2 damage, and have 7/26 hp.
The goblin completely misses you. The goblin hits you with a +0 club.
* * * LOW HITPOINT WARNING * * *
Things that are here:
a +0 club; a +0 dagger; a goblin corpse You take 5 damage, and have 2/26 hp.
You don't have enough magic to cast this spell.
You hit the goblin. The goblin closely misses you.
You closely miss the goblin. The goblin misses you.
The goblin closely misses you. The goblin hits you with a +0 club.
* * * LOW HITPOINT WARNING * * *
You take 2 damage, and have 1/26 hp.
You closely miss the goblin. The goblin hits you with a +0 club.
You die...

.......##.#.......#
.......'........#.#
.......##.......#.#
.....<######..#.#.#
.....########...#.#
#.........# #..##.#
...######.# #..##.#
#..# #.# #..##g#
#..#### #.# #..g@g#
......# #.# ##.####
#...#.# #.# #.#
......###.# #.#
#.........# #.#
##.##.########.#
####..........#
############

Skill      XL: |  1  2  3 |
---------------+----------+-----
Fighting       | 1 2 |  2.1
Summonings     | 5 |  5.0
Dodging        | |  2.4
Stealth        | |  2.6
Spellcasting   | |  2.1

Notes
Turn   | Place    | Note
-------+----------+-------------------------------------------
     0 | D:1      | hehateme the Kobold Summoner began the quest for the Orb.
     0 | D:1      | Reached XP level 1. HP: 10/10 MP: 3/3
   334 | D:1      | Reached XP level 2. HP: 16/16 MP: 5/5
   377 | D:1      | Reached skill level 1 in Fighting
   884 | D:1      | Reached XP level 3. HP: 20/20 MP: 6/6
  1550 | D:2      | Found a runed translucent door.
  1553 | D:2      | Noticed Crazy Yiuf
  2351 | D:2      | Noticed Terence
  2381 | D:2      | Found an ancient bone altar of Kikubaaqudgha.
  2391 | D:3      | Learned a level 3 spell: Call Canine Familiar
  2480 | D:3      | Noticed Sigmund
  2588 | D:3      | Reached skill level 2 in Fighting
  2588 | D:3      | Reached skill level 5 in Summonings
  2588 | D:3      | Reached XP level 4. HP: 20/26 MP: 4/7
  2701 | D:3      | Noticed Grinder
  3020 | D:3      | Noticed Robin
  3534 | D:2      | HP: 2/26 [goblin/+0 club[Robin] (5)]
  3537 | D:2      | Slain by a goblin

Table legend: (Time is in decaauts)
 A = Elapsed time spent in this place.
 B = Non-inter-level travel time spent in this place.
 C = Inter-level travel time spent in this place.
 D = Time resting spent in this place.
 E = Time spent auto-exploring this place.
 F = Levels seen in this place.
 G = Mean time per level.
                   A        B        C        D        E       F      G
               +--------+--------+--------+--------+--------+-----+--------+
         Total |   3540 |   3444 |     96 |    778 |   2223 |   3 | 1180.0 |
       Dungeon |   3540 |   3444 |     96 |    778 |   2223 |   3 | 1180.0 |
               +--------+--------+--------+--------+--------+-----+--------+

Top non-repeatable levels by time:
     D:2: 1934 daAuts
     D:1: 1249 daAuts
     D:3: 356 daAuts

Table legend:
 A = Kills in this place as a percentage of kills in entire the game.
 B = Kills by you in this place as a percentage of kills by you in the entire game.
 C = Kills by friends in this place as a percentage of kills by friends in the entire game.
 D = Other kills in this place as a percentage of other kills in the entire game.
 E = Experience gained in this place as a percentage of experience gained in the entire game.
 F = Experience gained in this place divided by the number of levels of this place that you have seen.
                   A       B       C       D       E      F
               +-------+-------+-------+-------+-------+----------------------
         Total | 100.0 | 100.0 | 100.0 |   N/A | 100.0 |  29.7
       Dungeon | 100.0 | 100.0 | 100.0 |   N/A | 100.0 |  29.7
               +-------+-------+-------+-------+-------+----------------------

Action                   |  1- 3 |  4- 6 || total
-------------------------+-------+-------++-------
Melee: Dagger            |    68 |    10 ||    78
       Unarmed           |     2 |       ||     2
       Punch             |     2 |       ||     2
 Cast: Summon Small Mamm |    32 |     4 ||    36
       Call Canine Famil |       |     2 ||     2
 Stab: Sleeping          |    19 |       ||    19
Armor: Robe              |    10 |     3 ||    13
Dodge: Dodged            |    61 |    23 ||    84

Vanquished Creatures
  An adder (D:3)
  5 bats
  4 endoplasms
  3 giant cockroaches
  2 hobgoblins
  3 kobolds
  A quokka (D:1)
  4 ball pythons
  2 frilled lizards
  2 goblins
  3 rats (D:1)
30 creatures vanquished.

Vanquished Creatures (collateral kills)
  2 ball pythons
  An endoplasm (D:2)
  7 goblins
  3 hobgoblins
  A kobold (D:2)
  A bat (D:2)
  A frilled lizard (D:2)
  3 rats
19 creatures vanquished.

Grand Total: 49 creatures vanquished You could see 3 goblins.

Levels and vault maps discovered:
D:1:      lightli_molten_gateway, layout_loops_corners
D:2:      layout_loops_corners, basic_altar, uniq_crazy_yiuf_cottage,
          uniq_terence
D:3:      layout_basic, grunt_decor_fettered, palyth_stone_intersect,
          uniq_robin, uniq_grinder, uniq_sigmund
